 Dungeon Crawl Stone Soup version 0.21-a0-633-g4c047d5 (webtiles) character file.

4 Megalobster the Twirler (level 1, -2/20 HPs)
             Began as a Gnoll Wanderer on Dec 28, 2017.
             Slain by a goblin (3 damage)
             ... on level 1 of the Dungeon.
             The game lasted 00:00:56 (182 turns).

Megalobster the Twirler (Gnoll Wanderer)             Turns: 182, Time: 00:00:57

Health: -2/20      AC:  2    Str: 14    XL:     1   Next: 60%
Magic:  6/6        EV: 11    Int: 17    God:
Gold:   18         SH:  0    Dex: 11    Spells: 9/9 levels left

rFire    . . .     SeeInvis .   h - +0 hunting sling (curse)
rCold    . . .     Gourm    .   (no shield)
rNeg     . . .     Faith    .   d - +0 robe
rPois    .         Spirit   .   (no helmet)
rElec    .         Reflect  .   (no cloak)
rCorr    .         Harm     .   (no gloves)
MR       .....                  (no boots)
Stlth    ++........             (no amulet)
HPRegen  0.06/turn              (no ring)
MPRegen  0.10/turn              (no ring)

@: no status effects
A: distributed training, fangs 1, strong nose
a: no special abilities


You were on level 1 of the Dungeon.
You were not hungry.

You visited 1 branch of the dungeon, and saw 1 of its levels.

You collected 18 gold pieces.

Inventory:

Hand Weapons
 b - a +0 quarterstaff
 h - a cursed +0 hunting sling (weapon)
Armour
 d - a +0 robe (worn)
Wands
 a - a wand of flame (15)
Scrolls
 c - a scroll of teleportation
Potions
 e - 2 potions of heal wounds {unknown}
 i - a potion of curing {unknown}
Comestibles
 f - a ration
 g - 2 chunks of flesh


   Skills:
 + Level 4.4 Fighting
 + Level 0.0 Short Blades
 + Level 0.0 Long Blades
 + Level 0.0 Axes
 + Level 0.0 Maces & Flails
 + Level 0.0 Polearms
 + Level 6.4 Staves
 + Level 0.0 Slings
 + Level 0.0 Bows
 + Level 0.0 Crossbows
 + Level 0.0 Throwing
 + Level 0.0 Armour
 + Level 0.0 Dodging
 + Level 2.1 Stealth
 + Level 0.0 Shields
 + Level 0.0 Unarmed Combat
 + Level 4.8 Spellcasting
 + Level 0.0 Conjurations
 + Level 0.0 Hexes
 + Level 0.0 Charms
 + Level 1.9 Summonings
 + Level 0.0 Necromancy
 + Level 0.0 Translocations
 + Level 0.0 Transmutations
 + Level 0.0 Fire Magic
 + Level 0.0 Ice Magic
 + Level 0.0 Air Magic
 + Level 0.0 Earth Magic
 + Level 0.0 Poison Magic
 + Level 0.1 Invocations
 + Level 2.3 Evocations


You had 9 spell levels left.
You didn't know any spells.

Dungeon Overview and Level Annotations

Branches:
Dungeon (1/15)

Altars:


Innate Abilities, Weirdness & Mutations

Your experience applies equally to all skills.
You have very sharp teeth.
Your uncanny sense of smell can sniff out nearby items.


Message History

There are monsters nearby!
You clumsily bash the goblin but do no damage.
The giant cockroach bites you but does no damage.
The goblin barely misses you. The giant cockroach barely misses you.
The goblin hits you.
* * * LOW HITPOINT WARNING * * *
There are monsters nearby!
You clumsily bash the goblin but do no damage.
You bite the goblin.
The goblin is moderately wounded.
The giant cockroach closely misses you. The giant cockroach bites you.
* * * LOW HITPOINT WARNING * * *
The goblin hits you but does no damage.
There are monsters nearby!
You clumsily bash the goblin but do no damage.
The goblin is moderately wounded.
The giant cockroach bites you but does no damage.
The goblin misses you. The giant cockroach closely misses you.
The goblin hits you.
You die...

.....##.÷.÷#♣♣.......♣#.#
.....##.##.......<...≈..#
........####♣♣.......♣###
......### #≈..♣...P.≈#
......# #≈.♣♣♣.PPP≈#
#.....# #≈..♣...P.≈#
#.....# #≈≈≈≈♣≈♣≈≈≈#
...........######g#####
#.########.....s@.# ...
∆#.######## #.# ... ..


You could see a giant cockroach and a goblin.

Vanquished Creatures
  A goblin (D:1)
  2 jackals (D:1)
3 creatures vanquished.

Notes
Turn   | Place    | Note
-------+----------+-------------------------------------------
     0 | D:1      | Megalobster the Gnoll Wanderer began the quest for the Orb.
     0 | D:1      | Megalobster set off with: a wand of flame (15), a +0 quarterstaff, a scroll of teleportation, a +0 robe, a ration
     0 | D:1      | Reached XP level 1. HP: 20/20 MP: 6/6
   181 | D:1      | HP: 1/20 [giant cockroach (1)]
   182 | D:1      | Slain by a goblin

Vault maps used:
D:1:      ldierk_walled_garden, minmay_octomino_j4

Action                   || total
-------------------------++-------
Melee: Hunting sling     ||    12
       Quarterstaff      ||     7
       Bite              ||     1
Armor: Robe              ||     5
Dodge: Dodged            ||    19

Table legend:
 A = Spawn XP
 B = Non-spawn XP
 C = Spawn XP percentage of total XP
 D = Spawn monster count
 E = Non-spawn monster count
 F = Spawn count percentage of total count
 G = Total turns spent on level
                    A         B        C        D         E        F      G
               +---------+---------+-------+---------+---------+-------+---------
         Total |       0 |       6 |   0.0 |       0 |       3 |   0.0 |   182
               +---------+---------+-------+---------+---------+-------+---------
           D:1 |       0 |       6 |   0.0 |       0 |       3 |   0.0 |   182
               +---------+---------+-------+---------+---------+-------+---------
